 Dungeon Crawl Stone Soup version 0.28.0 (webtiles) character file.

Game seed: 9997976176639226623

1848 themarg the Caller (level 9, -10/62 HPs)
             Began as a Merfolk Summoner on Feb 10, 2022.
             Killed from afar by a steam dragon (28 damage)
             ... with a ball of steam
             ... on level 7 of the Dungeon.
             The game lasted 00:56:06 (8958 turns).

themarg the Caller (Merfolk Summoner)               Turns: 8958, Time: 00:56:06

Health: -10/62     AC:  3    Str:  9    XL:     9   Next: 12%
Magic:  23/27      EV: 14    Int: 18    God:
Gold:   265        SH:  0    Dex: 14    Spells: 9/20 levels left

rFire   . . .      SeeInvis .   u - +0 spear
rCold   . . .      Faith    .   (no shield)
rNeg    . . .      Spirit   .   a - +0 robe
rPois   .          Reflect  .   (no helmet)
rElec   .          Harm     .   (no cloak)
rCorr   .          Rampage  .   (no gloves)
Will    +....                   h - +0 pair of boots
Stlth   +++.......              (no amulet)
HPRegen 0.20/turn               k - ring of magical power
MPRegen 0.20/turn               n - ring of willpower

@: no status effects
A: (nimble swimmer 2), mertail
a: no special abilities


You were on level 7 of the Dungeon.
You visited 2 branches of the dungeon, and saw 8 of its levels.

You collected 293 gold pieces.
You spent 28 gold pieces at shops.

Inventory:

Hand Weapons
 g - a +2 dagger of speed
 u - a +0 spear (weapon)
 C - a +0 glaive
Missiles
 l - 132 stones (quivered)
 v - 2 throwing nets
Armour
 a - a +0 robe (worn)
 h - a +0 pair of boots (worn)
Jewellery
 d - a ring of protection from fire
 k - a ring of magical power (left hand)
 n - a ring of willpower (right hand)
 q - a ring of protection from cold
 r - a ring of see invisible
Scrolls
 p - a scroll of fog {unknown}
 s - 2 scrolls of teleportation
 t - a scroll of summoning {unknown}
 w - a scroll of enchant armour {unknown}
 y - a scroll of amnesia {unknown}
 z - a scroll of blinking
 A - a scroll of identify
Potions
 b - 4 potions of flight
 c - a potion of curing
 e - 2 potions of lignification
 f - 3 potions of brilliance
 i - 5 potions of mutation
 j - 4 potions of heal wounds
 m - a potion of magic
 o - a potion of ambrosia {unknown}
 x - a potion of degeneration {unknown}
 B - 2 potions of invisibility


   Skills:
 + Level 2.9 Fighting
 + Level 3.5 Short Blades
 + Level 2.2 Polearms
 + Level 6.0 Dodging
 + Level 5.1 Stealth
 + Level 6.2 Spellcasting
 + Level 1.4 Hexes
 + Level 6.9 Summonings


You had 9 spell levels left.
You knew the following spells:

 Your Spells              Type           Power      Damage    Failure   Level
a - Summon Small Mammal   Summ           100%       N/A       1%          1
b - Call Canine Familiar  Summ           30%        N/A       1%          3
c - Summon Guardian Gole  Hex/Summ       20%        N/A       6%          3
d - Summon Lightning Spi  Summ/Air       18%        N/A       28%         4

Your spell library contained the following spells:

 Spells                   Type           Power      Damage    Failure   Level
 Call Imp                 Summ           30%        N/A       1%          2
 Ozocubu's Armour         Ice            5%         N/A       34%         3
 Metabolic Englaciation   Hex/Ice        4%         N/A       94%         5
 Simulacrum               Ice/Necr       2%         N/A       100%        6
 Orb of Destruction       Conj           2%         9d5       100%        7
 Spellforged Servitor     Conj/Summ      9%         N/A       100%        7


Dungeon Overview and Level Annotations

Branches:
Dungeon (7/15)             Temple (1/1) D:5

Altars:
Cheibriados
Elyvilon
Hepliaklqana
Kikubaaqudgha
Makhleb
Nemelex Xobeh
Okawaru
Qazlal
Sif Muna
Trog
Uskayaw
Vehumet
Wu Jian
Xom
Yredelemnul
Zin
The Shining One

Shops:
D:1 *

Annotations:
D:2 exclusion: downstairs
D:5 exclusion: downstairs
D:6 1 runed translucent door, exclusion: Eustachio, Crazy Yiuf


Innate Abilities, Weirdness & Mutations

((You are very nimble when in or above water. (Stealth+, EV+, Speed+++)))
Your lower body shifts to a powerful aquatic tail in water.


Message History

Casting: Summon Guardian Golem (dangerous; 6% risk of failure)
Confirm with . or Enter, or press ? or * to list all spells.
You swap places.
Your hound misses the steam dragon. The steam dragon bites you!
The steam dragon claws you but does no damage.
Your hound bites the steam dragon.
Your hound barely misses the steam dragon.
Reach: u) +0 spear
Press: ? - help, Dir - move target, f/p - steam dragon
Aim: a steam dragon (lightly wounded, ally target, about 37% to evade your +0 spear)
You closely miss the steam dragon.
The steam dragon is lightly wounded.
Your hound bites the steam dragon but does no damage.
Okay, then.
You hit the steam dragon.
The steam dragon is moderately wounded.
Your hound barely misses the steam dragon.
The steam dragon breathes steam at you. The ball of steam hits you!
Your hound bites the steam dragon.
You hear a shout!
The steam dragon breathes steam at you. The ball of steam hits you!
* * * LOW HITPOINT WARNING * * *
Your hound bites the steam dragon but does no damage.
Your hound closely misses the steam dragon.
Your hound is engulfed in a cloud of scalding steam.
Your hound is engulfed in a cloud of scalding steam.
Your hound barely misses the steam dragon.
Your hound is engulfed in a cloud of scalding steam.
An orc comes into view. It is wielding a +0 club.
Your guardian golem disappears in a puff of smoke!
Found a stone staircase leading down.
Your hound closely misses the steam dragon.
The steam dragon bites you but does no damage.
The steam dragon misses you.
Found a scroll of identify.
Your hound misses the steam dragon.
Your hound bites the steam dragon but does no damage.
The steam dragon breathes steam at you. The ball of steam hits you!!
You die...

........... .#
#......... #.#
##........# #########.##
#..........
#.>..<.....###..........
............##..........
.............#..........
........................
.....>.@o....##........#
.......§................
........D....#..........
?.......h...##...§......
#..........###..........
##########.# #..........
#..§..# #.........>
#.....# ##.........
#.....# ##........


You could see a steam dragon (catching breath, ally target), an orc and a
friendly hound (summoned).

Vanquished Creatures
  A water moccasin (D:5)
  A scorpion (D:5)
  A bullfrog zombie (D:5)
  An orc priest (D:7)
  2 hounds (D:6)
  An iguana (D:5)
  An orc wizard (D:5)
  A hound skeleton (D:5)
  2 adders
  2 gnolls (D:5)
  An adder skeleton (D:4)
  2 dart slugs (D:2)
  4 orcs
  A bat (D:3)
  3 endoplasms
  3 giant cockroaches
  4 goblins
  3 hobgoblins
  A jackal (D:2)
  2 quokkas
  9 kobolds
  5 rats
51 creatures vanquished.

Vanquished Creatures (collateral kills)
  Eustachio (D:6)
  2 black bears
  3 bullfrogs
  A scorpion (D:5)
  A water moccasin skeleton (D:6)
  3 orc priests
  A bullfrog zombie (D:6)
  A hound (D:4)
  4 jellies
  2 bullfrog skeletons (D:6)
  6 iguanas
  An orc wizard (D:7)
  A killer bee zombie (D:7)
  3 hound skeletons
  A howler monkey skeleton (D:7)
  A gnoll (D:5)
  A white imp (D:7)
  2 worms
  A dart slug (D:4)
  8 orcs
  4 endoplasms
  2 hobgoblins (D:1)
  A jackal (D:2)
  2 quokkas
  4 bats
  6 goblins (D:4)
  4 kobolds
  A rat (D:1)
68 creatures vanquished.

Vanquished Creatures (others)
  A gnoll sergeant (D:5)
  An orc priest (D:5)
  An orc wizard (D:5)
  2 gnolls (D:5)
  A white imp (D:7)
6 creatures vanquished.

Grand Total: 125 creatures vanquished

Notes
Turn   | Place    | Note
-------+----------+-------------------------------------------
     0 | D:1      | themarg the Merfolk Summoner began the quest for the Orb.
     0 | D:1      | Reached XP level 1. HP: 13/13 MP: 3/3
   232 | D:1      | Found Bemosmiwk's General Store.
   345 | D:1      | Reached XP level 2. HP: 18/19 MP: 3/5
  1052 | D:1      | Found a faded altar of an unknown god.
  1344 | D:1      | Bought a scroll of identify for 28 gold pieces
  1372 | D:2      | Reached XP level 3. HP: 22/24 MP: 2/6
  1410 | D:2      | Learned a level 3 spell: Call Canine Familiar
  1698 | D:2      | Reached skill level 1 in Short Blades
  1899 | D:2      | Found a white marble altar of Elyvilon.
  2574 | D:3      | Noticed a nameless horror
  2828 | D:3      | Reached XP level 4. HP: 25/31 MP: 8/8
  3455 | D:4      | Reached skill level 1 in Fighting
  3455 | D:4      | Reached XP level 5. HP: 30/37 MP: 9/9
  4271 | D:5      | Entered Level 5 of the Dungeon
  4282 | D:5      | Reached XP level 6. HP: 41/43 MP: 11/11
  4286 | D:5      | Learned a level 3 spell: Summon Guardian Golem
  4363 | D:5      | Reached skill level 5 in Summonings
  5268 | D:5      | Found a staircase to the Ecumenical Temple.
  5275 | Temple   | Entered the Ecumenical Temple
  5485 | D:5      | Reached XP level 7. HP: 33/48 MP: 13/13
  6449 | D:6      | Noticed Eustachio
  6570 | D:6      | Reached skill level 5 in Dodging
  6570 | D:6      | Reached XP level 8. HP: 54/56 MP: 15/15
  6649 | D:6      | Reached skill level 5 in Spellcasting
  7594 | D:6      | Killed Eustachio
  7595 | D:6      | Reached skill level 1 in Polearms
  7873 | D:6      | Reached skill level 1 in Hexes
  8302 | D:6      | Found a runed translucent door.
  8303 | D:6      | Noticed Crazy Yiuf
  8372 | D:7      | Learned a level 4 spell: Summon Lightning Spire
  8414 | D:7      | Reached skill level 5 in Stealth
  8421 | D:7      | Reached XP level 9. HP: 62/62 MP: 18/18
  8910 | D:7      | Found a shimmering altar of Xom.
  8958 | D:7      | Killed from afar by a steam dragon

Illustrated notes

Levels and vault maps discovered:
D:1:      minmay_arrival_stone_box, layout_rooms,
          shapermc_ecumenical_altar_ellora, serial_shops, nicolae_shop_crystal,
          nrook_uturn
D:2:      layout_rooms, basic_altar, serial_forest,
          infiniplex_forest_clump_cross, infiniplex_forest_corner_1,
          infiniplex_forest_clump_curved, infiniplex_forest_fountain,
          infiniplex_forest_zigzag_1, infiniplex_forest_zigzag_2
D:3:      layout_loops_ring, serial_glass, glass_columns_a, glass_columns_a,
          glass_columns_c, glass_columns_b, glass_columns_a, glass_columns_a,
          glass_columns_c, glass_columns_a, glass_columns_a, glass_columns_c,
          glass_columns_a, glass_columns_c, glass_columns_b, glass_columns_a
D:4:      kennysheep_the_goblin_king, layout_cave_pools
D:5:      layout_gridville, minmay_temple_entry_glass
D:6:      layout_cave_pools, uniq_eustachio, uniq_crazy_yiuf_cottage
D:7:      layout_rooms, xom_teletrap_fun, serial_shops,
          nicolae_shop_bloodbath_and_beyond, kennysheep_small_square,
          uniq_duvessa
Temple:   regret_index_temple_waves

Skill      XL: |  1  2  3  4  5  6  7  8  9 |
---------------+----------------------------+-----
Dodging        | 3 5 6 |  6.0
Short Blades   | 1 2 3 |  3.5
Spellcasting   | 3 4 6 |  6.2
Fighting       | 1 2 |  2.9
Stealth        | 3 4 5 |  5.1
Summonings     | 5 6 |  6.9
Polearms       | 1 2 |  2.2
Hexes          | 1 |  1.4

Action                   |  1- 3 |  4- 6 |  7- 9 || total
-------------------------+-------+-------+-------++-------
Melee: Short sword       |    61 |       |       ||    61
       Club              |     1 |       |       ||     1
       Dagger            |    69 |   127 |    32 ||   228
       Punch             |     1 |     5 |     2 ||     8
       Spear             |       |       |   113 ||   113
Throw: Stone             |       |       |     2 ||     2
 Cast: Summon Small Mamm |    47 |    15 |     4 ||    66
       Call Canine Famil |     2 |    16 |    28 ||    46
       Summon Guardian G |       |       |    17 ||    17
  Use: Scroll            |     4 |     4 |     3 ||    11
       Potion            |       |       |     2 ||     2
 Stab: Sleeping          |     1 |     6 |     2 ||     9
       Distracted        |       |     4 |     6 ||    10
Armor: Robe              |    28 |    13 |    19 ||    60
Dodge: Dodged            |    85 |    50 |    87 ||   222
